Map: Data-C

Players

Reynor - Winner!

  • Race: Zerg Zerg
  • League: Master
  • Spawn Location: 3:00

Kelazhur

  • Race: Terran Terran
  • League: Master
  • Spawn Location: 9:00

VOD

Have the link to the VOD?

Description

Time

  • Played on: Oct. 19, 2022, 3:47 p.m.
  • Length: 5:29
Show
View Real Time Build Order
Export as new Build Order

Reynor Zerg - Winner!

Build Orders: Pool First 

Get SALT Encoding   

  12  0:00  Drone  
  13  0:12  Overlord  
  13  0:17  Drone  
  14  0:30  Drone x2  
  16  0:38  Drone  
  16  0:42  Extractor  
  16  0:44  Drone  
  17  0:50  Spawning Pool  
  17  0:55  Drone  
  17  1:06  Drone  
  18  1:22  Hatchery  
  18  1:23  Drone  
  18  1:36  Queen  
  18  1:37  Zergling x2  
  21  1:44  Metabolic Boost  
  21  1:50  Overlord  
  22  1:54  Drone  
  22  2:01  Drone, Extractor  
  23  2:11  Zergling x2  
  23  2:14  Roach Warren  
  23  2:21  Zergling x2  
  26  2:37  Overlord  
  26  2:41  Zergling x2  
  25  2:54  Roach  
  25  2:55  Roach x3  
  25  2:56  Roach  
  35  3:05  Overlord  
  35  3:08  Zergling x2  
  36  3:16  Overlord  
  36  3:23  Roach x3  
  36  3:25  Zergling x2  
  43  3:28  Zergling x2  
  44  3:37  Zergling x2  
  44  3:39  Ravager  
  46  3:41  Zergling x2  
  46  3:48  Zergling x6  
  46  3:50  Zergling x2  
  49  3:58  Zergling x2  
  49  4:01  Ravager  
  50  4:03  Zergling x2  
  51  4:20  Zergling x6  
  49  4:24  Zergling x4  
  49  4:27  Ravager  
  49  4:31  Zergling x4  
  49  4:43  Zergling x4  
  49  4:53  Queen, Drone  
  49  4:55  Overlord  
  51  5:04  Drone x2  
  49  5:09  Drone  
  49  5:11  Drone  
  49  5:13  Drone  
  50  5:15  Drone  
  46  5:22  Ravager x2  
Show
View Real Time Build Order
Export as new Build Order

Kelazhur Terran 

Build Orders: 2 Factory 

Get SALT Encoding   

  12  0:00  SCV  
  13  0:12  SCV  
  14  0:17  Supply Depot  
  14  0:24  SCV  
  15  0:38  SCV  
  15  0:39  Barracks  
  16  0:43  Refinery  
  16  0:50  SCV  
  17  1:02  SCV  
  18  1:14  SCV  
  19  1:25  Barracks Reactor  
  19  1:27  Orbital Command  
  19  1:39  Command Center  
  19  1:47  Supply Depot  
  19  1:52  SCV  
  20  2:02  Factory  
  20  2:04  SCV  
  20  2:06  Marine  
  22  2:09  Marine  
  23  2:16  SCV  
  23  2:18  Refinery  
  24  2:24  Marine  
  24  2:27  Marine  
  24  2:28  SCV  
  27  2:41  SCV  
  28  2:45  Factory  
  28  2:53  SCV, Orbital Command  
  28  2:56  Hellion, Barracks Tech Lab  
  31  3:01  Hellion  
  31  3:05  SCV  
  34  3:17  SCV  
  34  3:18  SCV  
  36  3:23  Supply Depot  
  36  3:27  Hellion x2  
  40  3:29  SCV  
  40  3:31  SCV  
  42  3:37  Siege Tank  
  42  3:39  Marine  
  46  3:43  SCV  
  46  3:44  Bunker  
  44  3:53  SCV  
  43  4:01  Widow Mine x2  
  47  4:03  Marine  
  47  4:06  SCV  
  47  4:23  Marine  
  38  4:53  SCV x2, Hellion x2  
  36  5:20  Starport  
Tags
 
Add a new tag
Caveats
  • Supply blocks, unpowered buildings, or Contaminate may cause inaccurate times.
  • Supply counts are checked every 10 seconds.